 Dungeon Crawl Stone Soup version 0.26.1-11-gd32895ea62 (webtiles) character file.

Game seed: 14386355192986787900

152 Zeld the Charlatan (level 5, -7/35 HPs)
             Began as an Octopode Artificer on May 19, 2021.
             Mangled by Grinder (9 damage)
             ... while paralysed by Grinder
             ... on level 3 of the Dungeon.
             The game lasted 00:04:38 (3657 turns).

Zeld the Charlatan (Octopode Artificer)             Turns: 3657, Time: 00:04:39

Health: -7/35      AC:  1    Str: 12    XL:     5   Next: 34%
Magic:  5/5        EV:  2    Int: 14    God:
Gold:   102        SH:  0    Dex: 12    Spells: 4/4 levels left

rFire    . . .     SeeInvis .   s - +0 whip
rCold    . . .     Faith    .   (no shield)
rNeg     . . .     Spirit   .   (helmet restricted)
rPois    .         Reflect  .   (no amulet)
rElec    .         Harm     .   (no ring)
rCorr    .         Rampage  .   (no ring)
Will     .....                  (no ring)
Stlth    +++.......             (no ring)
HPRegen  0.11/turn              (no ring)
MPRegen  0.09/turn              (no ring)
                                (no ring)
                                (no ring)

@: paralysed
A: almost no armour, stealthy swim, amphibious, 8 rings, constrict 8, camouflage
1, gelatinous body 1
a: no special abilities


You were on level 3 of the Dungeon.
You visited 1 branch of the dungeon, and saw 3 of its levels.

You collected 102 gold pieces.

Inventory:

Hand Weapons
 s - a +0 whip (weapon)
 v - a +0 whip
Jewellery
 f - a +6 ring of intelligence {unknown}
 p - a +4 ring of evasion {unknown}
 q - an uncursed amulet of magic regeneration {unknown}
 u - an uncursed ring of ice {unknown}
 w - a cursed -4 ring of evasion {unknown}
 A - an uncursed ring of willpower {unknown}
Wands
 b - a wand of flame (13) (quivered)
 c - a wand of enslavement (15)
 d - a wand of random effects (15)
Scrolls
 a - a scroll of enchant weapon {unknown}
 e - 3 scrolls of remove curse {unknown}
 g - 4 scrolls of amnesia {unknown}
 h - 4 scrolls of identify {unknown}
 l - a scroll of magic mapping {unknown}
 m - a scroll of enchant armour {unknown}
 n - 3 scrolls of fear {unknown}
 o - a scroll of random uselessness {unknown}
 r - a scroll of fog {unknown}
 y - a scroll of teleportation {unknown}
Potions
 i - 4 potions of brilliance {unknown}
 j - 2 potions of invisibility {unknown}
 k - 3 potions of heal wounds {unknown}
 t - a potion of cancellation {unknown}
 x - a potion of berserk rage {unknown}
 z - a potion of mutation {unknown}


   Skills:
 - Level 2.3 Fighting
 * Level 2.9 Maces & Flails
 - Level 3.2 Dodging
 - Level 1.3 Stealth
 - Level 4.0 Evocations


You had 4 spell levels left.
You didn't know any spells.
Your spell library was empty.

Dungeon Overview and Level Annotations

Branches:
Dungeon (3/15)

Altars:
Ru
Beogh

Annotations:
D:3 3 runed translucent doors, Grinder; Zeld's ghost, amateur OpBr


Innate Abilities, Weirdness & Mutations

You cannot wear most types of armour.
You are very stealthy in the water. (Stealth+)
You are amphibious.
You can wear up to eight rings at the same time.
You can use your tentacles to constrict eight enemies at once.
Your skin changes colour to match your surroundings (Stealth+).
Your rubbery body absorbs attacks. (AC +1, EV +1)


Message History

You are too injured to fight recklessly!
You are too injured to fight recklessly!
You completely miss Grinder.
Grinder is severely wounded.
You constrict Grinder. Grinder hits you!
* * * LOW HITPOINT WARNING * * *
You writhe in agony.
* * * LOW HITPOINT WARNING * * *
Unknown command.
You hit Grinder but do no damage.
Grinder is severely wounded.
You constrict Grinder. Grinder gestures at you.
You suddenly lose the ability to move!
You lose your grip on Grinder.
Grinder hits you.
* * * LOW HITPOINT WARNING * * *
Grinder gestures at you. You resist with significant effort. Grinder hits you!
You die...

#...#.#.##..#
............# ....#.......
...........# ...........#
........#..###
.....?$(.....##
.......5.......
.......@...#.##
..#.#....###.#..#.#
...........###....#.#
......................####
..#..#...)...............#
............#.##.#.#####.#
..#..#.............#
..#..##.##..#.###..#
..#..##........##..#


You could see Grinder.

Vanquished Creatures
  An orc wizard (D:2)
  Terence (D:2)
  4 gnolls
  2 adders
  6 bats
  3 giant cockroaches
  6 goblins
  6 hobgoblins
  4 jackals (D:1)
  4 kobolds
  4 frilled lizards
  9 rats
50 creatures vanquished.

Notes
Turn   | Place    | Note
-------+----------+-------------------------------------------
     0 | D:1      | Zeld the Octopode Artificer began the quest for the Orb.
     0 | D:1      | Reached XP level 1. HP: 13/13 MP: 1/1
   189 | D:1      | Reached XP level 2. HP: 18/18 MP: 2/2
   623 | D:1      | Reached XP level 3. HP: 14/24 MP: 3/3
  1680 | D:2      | Noticed Terence
  2087 | D:2      | Reached skill level 4 in Evocations
  2238 | D:1      | HP: 1/24 [gnoll/+0 whip (9)]
  2244 | D:1      | Reached XP level 4. HP: 2/30 MP: 4/4
  2731 | D:2      | Reached skill level 1 in Maces & Flails
  2916 | D:2      | Found a sacrificial altar of Ru.
  2928 | D:2      | Reached XP level 5. HP: 34/35 MP: 5/5
  3120 | D:2      | Killed Terence
  3336 | D:3      | Found a runed translucent gate.
  3336 | D:3      | Found a runed translucent gate.
  3338 | D:3      | Found a runed translucent gate.
  3339 | D:3      | Noticed Zeld's ghost (amateur OpBr)
  3342 | D:3      | Found a roughly hewn altar of Beogh.
  3644 | D:3      | Noticed Grinder
  3654 | D:3      | Paralysed by Grinder for 4 turns
  3657 | D:3      | Mangled by Grinder

Illustrated notes

Levels and vault maps discovered:
D:1:      psy_arrival_wood_between_worlds, layout_loops_ring
D:2:      layout_rooms, nicolae_ru_great_annihilating_truth,
          amcnicky_mini_pool_small, uniq_terence
D:3:      layout_basic, biasface_ghost_orc_armoury, minmay_misc_feat_rows,
          feat_on_display, uniq_grinder

Skill      XL: |  1  2  3  4 |
---------------+-------------+-----
Dodging        | 3 |  3.2
Fighting       | 2 |  2.3
Evocations     | 4 |  4.0
Maces & Flails | 2 |  2.9
Stealth        | |  1.3

Action                   |  1- 3 |  4- 6 || total
-------------------------+-------+-------++-------
Melee: Unarmed           |   104 |       ||   104
       Constrict         |    33 |     9 ||    42
       Tentacles         |    20 |    10 ||    30
       Whip              |       |    35 ||    35
Evoke: Wand              |       |     2 ||     2
 Stab: Sleeping          |     5 |     1 ||     6
       Paralysed         |       |     2 ||     2
Armor: Skin              |     1 |     2 ||     3
Dodge: Dodged            |    75 |    15 ||    90
